 Dungeon Crawl Stone Soup version 0.27.1-3-gb3d3a73c9e (webtiles) character file.

Game seed: 1218579770953887852

16 Darkdai the Cudgeller (level 2, 0/18 HPs)
             Began as a Gargoyle Warper on Oct 29, 2021.
             Frozen to death by an endoplasm (3 damage)
             ... on level 1 of the Dungeon.
             The game lasted 00:02:22 (367 turns).

Darkdai the Cudgeller (Gargoyle Warper)              Turns: 367, Time: 00:02:23

Health: 0/18       AC:  8    Str: 14    XL:     2   Next: 58%
Magic:  5/5        EV: 10    Int: 13    God:
Gold:   53         SH:  0    Dex:  9    Spells: 5/5 levels left

rFire    . . .     SeeInvis .   a - +0 mace
rCold    . . .     Faith    .   (no shield)
rNeg     + . .     Spirit   .   e - +0 ring mail
rPois    ∞         Reflect  .   (no helmet)
rElec    +         Harm     .   (no cloak)
rCorr    .         Rampage  .   (no gloves)
Will     .....                  (no boots)
Stlth    ..........             (no amulet)
HPRegen  0.06/turn              (no ring)
MPRegen  0.09/turn              (no ring)

@: no status effects
A: sickness immunity, AC +2, negative energy resistance 1, electricity
resistance, torment resistance 1, petrification resistance
a: no special abilities


You were on level 1 of the Dungeon.
You visited 1 branch of the dungeon, and saw 1 of its levels.

You collected 53 gold pieces.

Inventory:

Hand Weapons
 a - a +0 mace (weapon)
Missiles
 d - 5 boomerangs of dispersal (quivered)
Armour
 b - a +0 leather armour
 e - a +0 ring mail (worn)


   Skills:
 + Level 2.6 Fighting
 * Level 2.7 Maces & Flails
 - Level 0.8 Throwing
 + Level 1.1 Armour
 - Level 1.5 Dodging
 - Level 2.0 Spellcasting
 - Level 2.6 Translocations


You had 5 spell levels left.
You didn't know any spells.
Your spell library contained the following spells:

 Spells                   Type           Power      Damage    Failure   Level
 Blink                    Tloc           N/A        N/A       26%         2
 Gell's Gravitas          Tloc           4%         N/A       45%         3
 Lesser Beckoning         Tloc           4%         N/A       45%         3
 Teleport Other           Tloc           8%         N/A       45%         3
 Manifold Assault         Tloc           8%         N/A       99%         5


Dungeon Overview and Level Annotations

Branches:
Dungeon (1/15)

Altars:


Innate Abilities, Weirdness & Mutations

You are immune to sickness and miasma.
Your stone body is resilient. (AC +2)
You are immune to poison.
You resist negative energy. (rN+)
You are resistant to electric shocks. (rElec)
You are resistant to unholy torment.
You are immune to petrification.


Message History

The dart slug is moderately wounded.
The ball python barely misses you. The ball python constricts you.
The dart slug launches a dart at you.
The slug dart hits you but does no damage.
The endoplasm hits you but does no damage.
The ball python bites you but does no damage.
The ball python constricts you.
You escape the ball python's grasp.
A giant cockroach comes into view.
The dart slug launches a dart at you.
The slug dart hits you but does no damage.
You hit the dart slug.
The dart slug is almost dead.
The endoplasm freezes you.
You are frozen.
It was a potion of curing.
You feel better.
The ball python bites you but does no damage.
The ball python grabs you. The ball python constricts you.
The dart slug launches a dart at you. The slug dart hits you.
The endoplasm closely misses you.
Blink to where?
Press: ? - help, Dir - move target You escape the ball python's grasp.
As you read the scroll of blinking, it crumbles to dust.
The dart slug launches a dart at you. The slug dart hits you.
* * * LOW HITPOINT WARNING * * *
You hit the endoplasm.
The endoplasm is moderately wounded.
The endoplasm barely misses you.
You completely miss the endoplasm.
The endoplasm is moderately wounded.
The endoplasm hits you but does no damage.
You hit the endoplasm.
The endoplasm is severely wounded.
The endoplasm hits you.
* * * LOW HITPOINT WARNING * * *
The endoplasm freezes you.
You are frozen.
You die...

.##..........## #.# .......
.#..............# #.. .#..#..
###.# #...........# #..
#..#...##...#.##...........## #..
..#.........#.####......#...###.#
.#..#.#.....#.# ##........÷.....
#..#..#.......####...)......##..#
..#.........w###...#..###.#)#..##
.#..#........SBJ@#....# #.....##
#..#..S......#####.##..####...#
..#...#......# #..###..###...##
.#..#........# #..## #........#
#..#..####.#.# #.# #......#.##
..#... #.#.###.# #..........
.#..# #....#..# #......##.# ?....
###....## ###...###... #...
#.#...#####.........##


You could see a dart slug, an endoplasm, a giant cockroach and a ball python.

Vanquished Creatures
  A bat (D:1)
  2 endoplasms (D:1)
  A giant cockroach (D:1)
  3 goblins (D:1)
  2 hobgoblins (D:1)
  2 jackals (D:1)
  A kobold (D:1)
12 creatures vanquished.

Notes
Turn   | Place    | Note
-------+----------+-------------------------------------------
     0 | D:1      | Darkdai the Gargoyle Warper began the quest for the Orb.
     0 | D:1      | Reached XP level 1. HP: 12/12 MP: 3/3
     2 | D:1      | Noticed a barachi
     4 | D:1      | Noticed a tengu
     4 | D:1      | Noticed a spriggan
     6 | D:1      | Noticed a draconian
     6 | D:1      | Noticed an ogre
     8 | D:1      | Noticed an octopode
     8 | D:1      | Noticed a naga
    10 | D:1      | Noticed a minotaur
    10 | D:1      | Noticed a demonspawn
    12 | D:1      | Noticed a dwarf
    14 | D:1      | Noticed a ghoul
    16 | D:1      | Noticed a troll
    16 | D:1      | Noticed a merfolk
    18 | D:1      | Noticed a demigod
    18 | D:1      | Noticed a gargoyle
    20 | D:1      | Noticed a palentonga
    20 | D:1      | Noticed a vine stalker
    22 | D:1      | Noticed a felid
    22 | D:1      | Noticed an elf
    24 | D:1      | Noticed a human
    24 | D:1      | Noticed a formicid
    26 | D:1      | Noticed a djinni
    26 | D:1      | Noticed a vampire
   171 | D:1      | Reached XP level 2. HP: 18/18 MP: 5/5
   190 | D:1      | Found a faded altar of an unknown god.
   367 | D:1      | Frozen to death by an endoplasm

Illustrated notes

Levels and vault maps discovered:
D:1:      kb_arrival_jail, layout_rooms,
          hellmonk_ecumenical_altar_leap_of_faith, kennysheep_flooded_box,
          minmay_misc_feat_diagonals

Action                   || total
-------------------------++-------
Melee: Mace              ||    31
  Use: Scroll            ||     1
       Potion            ||     1
Armor: Ring mail         ||    25
       Leather armour    ||     1
Dodge: Dodged            ||    31
